 Dungeon Crawl Stone Soup version 0.31-a0-229-g1fc7ce93e2 (webtiles) character file.

Game seed: 14727839871147967265

120 olmar the Ruffian (level 4, -10/35 HPs)
             Began as a Demigod Transmuter on July 6, 2023.
             Mangled by a gnoll
             ... wielding a +0 halberd
              (11 damage)
             ... on level 2 of the Dungeon.
             The game lasted 00:04:46 (2126 turns).

olmar the Ruffian (Demigod Transmuter)              Turns: 2126, Time: 00:04:46

Health: -10/35     AC:  3    Str: 15    XL:     4   Next: 47%
Magic:  9/9        EV: 12    Int: 15    God:
Gold:   58         SH:  0    Dex: 14    Spells: 3/6 levels left

rFire   . .          .
                       - Unarmed
rCold   . . .        (no shield)
rNeg    . . .        a - +1 robe
rPois   .            (no helmet)
rElec   .            (no cloak)
rCorr   .            (no gloves)
SInv    .            (no boots)
Will    .....        (no amulet) Stlth
                     (no ring)
HPRegen 0.25/turn    (no ring)
MPRegen 0.11/turn

%: no passive effects
@: silenced, on berserk cooldown, slowed, very slow
A: high MP 1, forlorn, divine attributes
a: no special abilities


You were on level 2 of the Dungeon.
You visited 1 branch of the dungeon, and saw 2 of its levels.

You collected 58 gold pieces.

Inventory:

Armour
 a - a +1 robe (worn)
Scrolls
 d - a scroll of enchant armour
 g - a scroll of identify {unknown}
 h - a scroll of enchant weapon {unknown}
Potions
 e - a potion of berserk rage


   Skills:
 + Level 1.0 Fighting
 + Level 2.6 Dodging
 + Level 3.9 Unarmed Combat
 - Level 1.9 Spellcasting
 + Level 2.7 Transmutations


You had 3 spell levels left.
You knew the following spells:

 Your Spells              Type           Power      Damage    Failure   Level
a - Beastly Appendage     Tmut           18%        N/A       8%          1
b - Wereblood             Tmut           9%         N/A       11%         2

Your spell library contained the following spells:

 Spells                   Type           Power      Damage    Failure   Level
 Spider Form              Tmut/Pois      5%         N/A       36%         3
 Ice Form                 Ice/Tmut       5%         N/A       77%         4


Dungeon Overview and Level Annotations

Branches:
Dungeon (2/15)


Innate Abilities, Weirdness & Mutations

You have an increased reservoir of magic. (+10% MP)
You shall have no god before yourself.
Your divine heritage dramatically boosts your attributes as you level up.


Message History

The gnoll hits you but does no damage.
Unknown command.
The gnoll barely misses you. The gnoll hits you but does no damage.
Unknown command.
The gnoll hits you but does no damage.
Unknown command.
Your transformation is almost over.
The gnoll hits you from afar with a +0 halberd.
The gnoll hits you but does no damage.
Unknown command.
The gnoll hits you but does no damage.
Unknown command.
The gnoll hits you but does no damage. x2
Unknown command.
The gnoll hits you but does no damage.
Unknown command.
The gnoll hits you but does no damage. The gnoll barely misses you.
Unknown command.
The gnoll hits you but does no damage.
Unknown command.
You feel less wooden.
Your +1 robe unmelds from your body.
The gnoll hits you from afar with a +0 halberd.
The gnoll closely misses you.
Unknown command.
Magic scrolls do not work when you're silenced!
Unknown command.
The gnoll barely misses you.
Things that are here:
a +0 club; a gnoll corpse You barely miss the gnoll.
The gnoll hits you but does no damage.
Unknown command.
You barely miss the gnoll.
The gnoll hits you with a +0 halberd! x2
* * * LOW HITPOINT WARNING * * *
Unknown command.
You hit the gnoll but do no damage. The gnoll closely misses you.
Okay, then.
You hit the gnoll but do no damage. The gnoll barely misses you.
The gnoll hits you with a +0 halberd!
You die...

#.#.####.##.# #.#
#...........# #.#
#..........## #.#
#.#.####.#. #.#
#.#..# #. #.#
.###.####.# #†# #
##.....#.# #.#
.###........#####.#
..#<####.......g@.#
#b## #.#..#######
#.# #.# .# .#g##
#.#..#
....####.#..#
.#.....g....#
.##.####g#.## .##.#
#.#.# .##.####.#.#


You could see a gnoll.

Vanquished Creatures
  Natasha (twice) (D:2)
  3 gnolls (D:2)
  An endoplasm (D:1)
  6 giant cockroaches
  3 goblins (D:1)
  5 hobgoblins (D:1)
  4 jackals (D:1)
  2 kobolds (D:1)
  A quokka (D:1)
  A ball python (D:1)
  5 bats
  A frilled lizard (D:1)
  6 rats (D:1)
40 creatures vanquished.

Notes
Turn   | Place    | Note
-------+----------+-------------------------------------------
     0 | D:1      | olmar the Demigod Transmuter began the quest for the Orb.
     0 | D:1      | Reached XP level 1. HP: 15/15 MP: 5/5
    92 | D:1      | Reached skill level 3 in Unarmed Combat
   133 | D:1      | Reached XP level 2. HP: 14/22 MP: 4/7
   331 | D:1      | Learned a level 2 spell: Wereblood
   771 | D:1      | Reached XP level 3. HP: 23/27 MP: 5/8
  2010 | D:2      | Noticed Natasha
  2019 | D:2      | Killed Natasha
  2020 | D:2      | Reached skill level 1 in Fighting
  2020 | D:2      | Reached XP level 4. HP: 24/35 MP: 7/9
  2066 | D:2      | Noticed Natasha
  2081 | D:2      | Killed Natasha
  2124 | D:2      | HP: 1/35 [gnoll/+0 halberd (12)]
  2126 | D:2      | Mangled by a gnoll

Illustrated notes

Levels and vault maps discovered:
D:1:      minmay_arrival_floating_metal, layout_basic
D:2:      layout_loops_ring, uniq_natasha

Skill      XL: |  1  2  3 |
---------------+----------+-----
Unarmed Combat | 3 |  3.9
Transmutations | 2 |  2.7
Dodging        | 2 |  2.6
Fighting       | 1 |  1.0
Spellcasting   | |  1.9

Action                     |  1- 3 |  4- 6 || total
---------------------------+-------+-------++-------
  Melee: Unarmed           |   115 |    18 ||   133
         Kick              |    22 |     2 ||    24
         Headbutt          |    11 |       ||    11
         Punch             |       |     1 ||     1
   Cast: Beastly Appendage |    18 |     1 ||    19
         Wereblood         |     4 |       ||     4
    Use: Potion            |       |     3 ||     3
         Scroll            |       |     2 ||     2
 Armour: Robe              |    20 |     2 ||    22
         Skin              |       |    20 ||    20
  Dodge: Dodged            |    76 |    13 ||    89

Table legend: (Time is in decaauts)
 A = Elapsed time spent in this place.
 B = Non-inter-level travel time spent in this place.
 C = Inter-level travel time spent in this place.
 D = Time resting spent in this place.
 E = Time spent auto-exploring this place.
 F = Levels seen in this place.
 G = Mean time per level.
                   A        B        C        D        E       F      G
               +--------+--------+--------+--------+--------+-----+--------+
         Total |   2148 |   2040 |    108 |    273 |   1146 |   2 | 1074.0 |
       Dungeon |   2148 |   2040 |    108 |    273 |   1146 |   2 | 1074.0 |
               +--------+--------+--------+--------+--------+-----+--------+

Top non-repeatable levels by time:
     D:1: 1370 daAuts
     D:2: 778 daAuts
